 Dungeon Crawl Stone Soup version 0.24-a0-525-g9231cdcba1 (webtiles) character file.

Game seed: 4085734971552127636

3086 Flugkiller the Nimble (level 9, -21/62 HPs)
             Began as an Octopode Assassin on Aug 1, 2019.
             Was a Believer of Uskayaw.
             Killed by the air
             ... invoked by Gastronok
              (23 damage)
             ... on level 9 of the Dungeon.
             The game lasted 00:13:44 (11441 turns).

Flugkiller the Nimble (Octopode Assassin)          Turns: 11441, Time: 00:13:44

Health: -21/62     AC:  1    Str:  8 (10) XL:     9   Next: 89%
Magic:  11/11      EV: 19    Int: 13 (14) God:    Uskayaw [**....]
Gold:   474        SH:  0    Dex: 15 (16) Spells: 8/8 levels left

rFire    . . .     SeeInvis .   y - +0 rapier
rCold    . . .     Gourm    .   (no shield)
rNeg     . . .     Faith    .   (helmet restricted)
rPois    .         Spirit   .   (no amulet)
rElec    .         Reflect  .   C - ring of attention (curse)
rCorr    .         Harm     .   (no ring)
MR       .....                  (no ring)
Stlth    +++.......             (no ring)
HPRegen  0.20/turn              (no ring)
MPRegen  0.12/turn              (no ring)
                                (no ring)
                                (no ring)

@: no status effects
A: almost no armour, stealthy swim, amphibious, 8 rings, constrict 8, camouflage
1, gelatinous body 1
a: Stomp, Line Pass, Renounce Religion


You were on level 9 of the Dungeon.
You worshipped Uskayaw.
Uskayaw was noncommittal.
You were not hungry.

You visited 2 branches of the dungeon, and saw 10 of its levels.

You collected 474 gold pieces.

Inventory:

Hand Weapons
 a - a +2 dagger
 y - a +0 rapier (weapon)
   (You took it off Eustachio on level 5 of the Dungeon)
Missiles
 b - 6 poisoned darts (quivered)
 c - a curare-tipped dart
 o - 22 boomerangs
 v - 9 atropa-tipped darts
Jewellery
 C - a cursed ring of attention (left tentacle)
   (You found it on level 8 of the Dungeon)
Wands
 k - a wand of flame (24)
   (You took it off Ijyb on level 3 of the Dungeon)
 B - a wand of acid (11)
   (You found it on level 9 of the Dungeon)
Scrolls
 e - a scroll of remove curse
 f - 2 scrolls of teleportation
 i - 4 scrolls of enchant armour
 l - a scroll of fear {unknown}
 n - a scroll of fog
 q - 2 scrolls of immolation
 r - 2 scrolls of amnesia {unknown}
 x - 2 scrolls of magic mapping {unknown}
 A - a scroll of noise {unknown}
 E - a scroll of vulnerability {unknown}
Potions
 g - 2 potions of lignification {unknown}
 h - 4 potions of curing
 j - 2 potions of resistance
 m - a potion of agility {unknown}
 p - 2 potions of flight
 s - 2 potions of haste
 t - a potion of mutation {unknown}
 u - a potion of invisibility {unknown}
 w - a potion of berserk rage {unknown}
 z - 2 potions of heal wounds
 D - a potion of ambrosia {unknown}
Comestibles
 d - 19 rations


   Skills:
 - Level 6.0 Fighting
 - Level 8.0 Short Blades
 - Level 2.0 Throwing
 + Level 8.6 Dodging
 - Level 5.3 Stealth
 + Level 3.5 Invocations
 + Level 1.4 Evocations


You had 8 spell levels left.
You didn't know any spells.
Your spell library contained the following spells:

 Spells                   Type           Power        Failure   Level  Hunger
 Shock                    Conj/Air       #...         30%         1    ##.....
 Swiftness                Chrm/Air       #.......     43%         2    ###....
 Static Discharge         Conj/Air       #.......     67%         3    ####...
 Airstrike                Air            #.........   97%         4    #####..
 Lightning Bolt           Conj/Air       #.........   100%        5    ######.


Dungeon Overview and Level Annotations

Branches:
Dungeon (9/15)             Temple (1/1) D:7
   Lair: D:8-11         Orc: D:9-12

Altars:
Cheibriados
Elyvilon
Fedhas
Gozag
Kikubaaqudgha
Okawaru
Ru
Uskayaw
Vehumet
Wu Jian
Zin

Annotations:
D:6 exclusion: upstairs
D:8 Joseph
D:9 exclusion: centaur, Gastronok


Innate Abilities, Weirdness & Mutations

You cannot wear most types of armour.
You are very stealthy in the water. (Stealth+)
You are amphibious.
You can wear up to eight rings at the same time.
You can use your tentacles to constrict eight enemies at once.
Your skin changes colour to match your surroundings (Stealth+).
Your rubbery body absorbs attacks. (AC +1, EV +1)


Message History

Quiver which item? (- for none, * to show all) (? for menu, Esc to quit)
Quivering
b - 8 poisoned darts for throwing.
Throwing (i - inventory. (/) - cycle)
b - 8 poisoned darts (quivered)
Press: ? - help, Shift-Dir - straight line, f/p - Gastronok
Aim: Gastronok, wearing a +2 hat (lightly wounded, slow, poisoned, covering ground quickly)
You throw a poisoned dart. The poisoned dart hits Gastronok.
Gastronok looks even sicker.
Gastronok is lightly wounded.
Throwing (i - inventory. (/) - cycle)
b - 7 poisoned darts (quivered)
Press: ? - help, Shift-Dir - straight line, f/p - Gastronok
Aim: Gastronok, wearing a +2 hat (lightly wounded, slow, poisoned, covering ground quickly)
You throw a poisoned dart. The poisoned dart hits Gastronok.
Gastronok looks as sick as possible!
Gastronok is lightly wounded.
Unknown command.
You puncture Gastronok!
Gastronok is lightly wounded.
Gastronok bubbles merrily.
You hit Gastronok but do no damage.
Gastronok is lightly wounded.
You hit Gastronok. You squeeze Gastronok.
Gastronok is lightly wounded.
You hit Gastronok.
Gastronok is lightly wounded.
Gastronok is no longer moving slowly.
Gastronok bites you.
You hit Gastronok.
Gastronok is lightly wounded.
You puncture Gastronok! You squeeze Gastronok.
Gastronok is moderately wounded.
You can now pass through a line of other dancers.
You hit Gastronok. You squeeze Gastronok.
Gastronok is moderately wounded.
Gastronok bites you!!
You hit Gastronok.
Gastronok is moderately wounded.
You hit Gastronok.
Gastronok is moderately wounded.
Gastronok bites you!!!
Ouch! That really hurt!
* * * LOW HITPOINT WARNING * * *
Okay, then.
You hit Gastronok.
Gastronok is moderately wounded.
You hit Gastronok but do no damage.
Gastronok is moderately wounded.
You hit Gastronok but do no damage.
Gastronok is moderately wounded.
Gastronok waves his eye-stalks in wide circles.
The air twists around and strikes you!
You die...

..#......#.......#......#.....##.
..#......#.......#......'.....#..
..#......#.......#......###......
..#....>.#......##..........≈≈≈..
..#......#......#.........≈≈≈≈≈≈≈
..#.)....#......#.(......≈≈≈≈≈≈≈≈
..#......#......#(......≈≈≈≈≈≈≈≈≈
..#......########w......≈≈≈≈♣<.≈≈
..####..........@......≈≈≈≈PPP.P≈
.....#.................≈≈≈≈P._..≈
.....#.................≈≈≈≈...♣P≈
#....#..................≈≈≈≈P>P≈≈
######..................≈≈≈≈≈≈≈≈≈
.........................≈≈≈≈≈≈≈≈
..........................≈≈≈≈≈≈≈
<.###########...............≈≈≈..
..# #############.......#


You could see Gastronok.

Vanquished Creatures
  A hornet (D:8)
  Eustachio (D:5)
  Sigmund (D:3)
  An ice beast (D:5)
  2 orc warriors
  2 black bears (D:9)
  A sky beast (D:5)
  An ogre (D:7)
  2 centaurs (D:7)
  A big kobold (D:8)
  5 bullfrogs
  3 scorpions
  A howler monkey (D:4)
  6 crimson imps
  2 centaur zombies
  A hound (D:8)
  2 jellies
  A centaur skeleton (D:9)
  3 orc priests
  2 orc wizards
  3 bullfrog skeletons
  Ijyb (D:3)
  2 iguanas
  10 worker ants
  9 gnolls
  6 adders
  2 shadow imps
  An ooze (D:1)
  2 adder skeletons
  3 worms
  4 dart slugs
  8 leopard geckos
  21 orcs
  6 giant cockroaches
  7 goblins
  10 hobgoblins
  14 jackals
  4 quokkas
  5 bats
  6 frilled lizards
  13 kobolds
  A quokka skeleton (D:5)
  11 rats
188 creatures vanquished.

Notes
Turn   | Place    | Note
-------+----------+-------------------------------------------
     0 | D:1      | Flugkiller the Octopode Assassin began the quest for the
                  | Orb.
     0 | D:1      | Reached XP level 1. HP: 14/14 MP: 1/1
   205 | D:1      | Reached XP level 2. HP: 19/19 MP: 2/2
   427 | D:1      | Reached XP level 3. HP: 21/25 MP: 3/3
  1436 | D:2      | Reached XP level 4. HP: 30/30 MP: 4/4
  1840 | D:3      | Noticed Ijyb
  2610 | D:3      | Killed Ijyb
  2610 | D:3      | Reached XP level 5. HP: 16/36 MP: 5/5
  3415 | D:3      | Found a white marble altar of Elyvilon.
  3728 | D:3      | Noticed Sigmund
  3740 | D:3      | Killed Sigmund
  3740 | D:3      | Reached XP level 6. HP: 13/43 MP: 6/6
  4108 | D:4      | Reached XP level 7. HP: 49/49 MP: 7/7
  4167 | D:4      | Found a sacrificial altar of Ru.
  4767 | D:5      | Entered Level 5 of the Dungeon
  5406 | D:5      | Reached skill level 5 in Fighting
  5406 | D:5      | Reached skill level 5 in Short Blades
  5771 | D:5      | Noticed Eustachio
  5811 | D:5      | Killed Eustachio
  5811 | D:5      | Reached skill level 5 in Dodging
  6028 | D:5      | Reached XP level 8. HP: 56/56 MP: 8/8
  7967 | D:7      | Reached XP level 9. HP: 35/62 MP: 9/9
  8377 | D:7      | Found a staircase to the Ecumenical Temple.
  8425 | Temple   | Entered the Ecumenical Temple
  8437 | Temple   | Became a worshipper of Uskayaw the Reveler
  8501 | D:7      | Reached * piety under Uskayaw
  8925 | D:8      | Reached ** piety under Uskayaw
  9717 | D:8      | Reached skill level 1 in Invocations
  9746 | D:8      | Found an ornate altar of the Wu Jian Council.
  9786 | D:8      | Noticed Joseph
  9901 | D:8      | Found an iron altar of Okawaru.
  9901 | D:8      | Noticed a hornet
  9906 | D:8      | Paralysed by a hornet for 1 turns
 10139 | D:8      | Reached *** piety under Uskayaw
 10140 | D:8      | Killed a hornet
 10892 | D:9      | Noticed Gastronok
 11136 | D:9      | Found a blossoming altar of Fedhas.
 11170 | D:9      | Reached skill level 1 in Evocations
 11438 | D:9      | HP: 1/62 [Gastronok (39)]
 11441 | D:9      | Killed from afar by Gastronok

Levels and vault maps discovered:
D:1:      kennysheep_arrival_forest, layout_basic,
          hangedman_decor_diamond_cutter
D:2:      layout_rooms
D:3:      layout_basic, old_standard_altar, uniq_ijyb, uniq_sigmund
D:4:      layout_loops_ring, nicolae_ru_sacrificial_ziggurat
D:5:      layout_gridville, first_ration, uniq_eustachio
D:6:      minmay_skewed_foursquare, layout_basic, minmay_unpleasant_kobolds
D:7:      layout_loops_ring, minmay_temple_entry_antechambers
D:8:      layout_basic, lemuel_coloured_pillars_altar, blue_anna_alchemist
          [blue_anna_fruit_fields, blue_anna_fruit_fields],
          okawaru_metal_pillars_1_2, uniq_joseph
D:9:      layout_irregular_city, fedhas_ov_isle_minmay, uniq_gastronok
Temple:   regret_index_temple_chain_breaker

Skill      XL: |  1  2  3  4  5  6  7  8  9 |
---------------+----------------------------+-----
Dodging        | 2 3 4 5 6 8 |  8.6
Short Blades   | 3 4 5 7 8 |  8.0
Fighting       | 3 4 5 6 |  6.0
Invocations    | 3 |  3.5
Evocations     | 1 |  1.4
Throwing       | |  2.0
Stealth        | |  5.3

Action                   |  1- 3 |  4- 6 |  7- 9 || total
-------------------------+-------+-------+-------++-------
Melee: Dagger            |    74 |   138 |   102 ||   314
       Constrict         |    18 |    27 |    67 ||   112
       Tentacles         |    11 |    25 |    72 ||   108
       Rapier            |       |       |   263 ||   263
Throw: Dart              |       |       |     4 ||     4
Evoke: Wand              |       |       |     4 ||     4
  Use: Scroll            |     2 |     5 |     4 ||    11
       Potion            |       |       |     5 ||     5
 Stab: Sleeping          |    12 |    11 |    26 ||    49
       Paralysed         |       |       |     3 ||     3
  Eat: Chunk             |     2 |     8 |    16 ||    26
       Ration            |       |       |     2 ||     2
Armor: Skin              |     7 |     6 |     5 ||    18
Dodge: Dodged            |    49 |    76 |   233 ||   358

Table legend:
 A = Non-vault XP
 B = Vault XP
 C = Vault XP percentage of total XP
 D = Non-vault monster count
 E = Vault monster count
 F = Vault count percentage of total count
                 A         B        C        D         E       F
            +---------+---------+-------+---------+---------+-------
      Total |    3669 |     740 |  16.8 |     174 |      14 |   7.4
            +---------+---------+-------+---------+---------+-------
        D:1 |      68 |       0 |   0.0 |      35 |       0 |   0.0
        D:2 |      38 |       0 |   0.0 |      21 |       0 |   0.0
        D:3 |     168 |     243 |  59.1 |      26 |       2 |   7.1
        D:4 |     225 |       0 |   0.0 |      15 |       0 |   0.0
        D:5 |     423 |     211 |  33.3 |      17 |       1 |   5.6
        D:6 |     677 |     189 |  21.8 |      19 |      10 |  34.5
        D:7 |     782 |       0 |   0.0 |      15 |       0 |   0.0
        D:8 |     874 |      97 |  10.0 |      21 |       1 |   4.5
        D:9 |     414 |       0 |   0.0 |       5 |       0 |   0.0
            +---------+---------+-------+---------+---------+-------
